 Dungeon Sprint DCSS version 0.29-a0-542-g075992c915 (webtiles) character file.

Game seed: 12847795080089551955

823 rocky1 the Blocker (level 8, -2/56 HPs)
             Began as a Djinni Fighter on June 4, 2022.
             Was a Believer of Okawaru.
             Slain by a tarantella (13 damage)
             ... in the Dungeon (Sprint VII: "The Pits").
             The game lasted 00:03:14 (1159 turns).

rocky1 the Blocker (Djinni Fighter)                 Turns: 1159, Time: 00:03:15

Health: -2/56      AC:  6    Str: 15    XL:     8   Next: 17%
Gold:   0          EV:  8    Int: 12    God:    Okawaru [**....] SH:  6 Dex: 13

rFire   + + .      SeeInvis .   k - +2 long sword (holy)
rCold   x . .      Faith    .   c - +0 buckler
rNeg    . . .      Spirit   .   b - +0 scale mail
rPois   ∞          Reflect  .   (no helmet)
rElec   .          Harm     .   (no cloak)
rCorr   .          Rampage  .   (no gloves)
Will    .....      NoTele   +   (boots unavailable)
Stlth   ..........              (no amulet)
HPRegen 0.18/turn               (no ring)
MPRegen 0.00/turn               (no ring)

@: wereblooded, flying
A: sickness immunity, fire resistance 2, cold vulnerability 1, float, innate
caster, HP casting, extra vitality 1
a: Renounce Religion, Heroism


You were in the Dungeon.
You worshipped Okawaru.
Okawaru was pleased with you.
You visited 1 branch

Inventory:

Hand Weapons
 a - a +0 long sword
 k - a +2 long sword of holy wrath (weapon)
Armour
 b - a +0 scale mail (worn)
 c - a +0 buckler (worn)
Scrolls
 i - a scroll of blinking
Potions
 d - a potion of might
 e - 5 potions of curing
 f - 4 potions of heal wounds
 g - a potion of haste
 h - a potion of berserk rage
 j - 2 potions of invisibility


   Skills:
 - Level 3.0 Fighting
 + Level 9.7 Long Blades
 - Level 3.0 Armour
 + Level 10.7 Shields
 + Level 5.6 Spellcasting
 - Level 4.0 Invocations


You had 13 spell levels left.
You knew the following spells:

 Your Spells              Type           Power      Damage    Failure   Level
a - Necrotize             Necr           68%        1d7       9%          1
b - Scorch                Fire           34%        2d6       13%         2
c - Wereblood             Tmut           17%        N/A       13%         2
Your spell library was empty.

Dungeon Overview and Level Annotations

Branches:
Dungeon (1/1)

Altars:
Ashenzari
Cheibriados
Dithmenos
Elyvilon
Fedhas
Gozag
Hepliaklqana
Kikubaaqudgha
Makhleb
Nemelex Xobeh
Okawaru
Qazlal
Ru
Sif Muna
Trog
Uskayaw
Vehumet
Wu Jian
Xom
Yredelemnul
Zin
The Shining One
Beogh
Jiyva
Lugonu


Innate Abilities, Weirdness & Mutations

You are immune to sickness and miasma.
You are immune to poison.
Your flesh is very heat resistant. (rF++)
You are vulnerable to cold. (rC-)
You float through the air rather than walking.
You learn spells naturally, not from books.
Your magical power is your life essence.
You have superior vitality. (+4 MHP)


Message History

The tarantella is almost dead.
The tarantella touches you.
* * * LOW HITPOINT WARNING * * *
You are more confused.
You barely miss the tarantella.
The tarantella is almost dead.
The tarantella touches you.
* * * LOW HITPOINT WARNING * * *
You are more confused.
The tarantella touches you!
* * * LOW HITPOINT WARNING * * *
You feel much better.
The tarantella touches you but does no damage.
Unknown command.
You miss the tarantella.
The tarantella is severely wounded.
The tarantella touches you!
* * * LOW HITPOINT WARNING * * *
Unknown command.
You bump into the metal wall.
The tarantella touches you!
* * * LOW HITPOINT WARNING * * *
The tarantella touches you.
* * * LOW HITPOINT WARNING * * *
You are more confused.
Unknown command.
You feel much better.
The tarantella is no longer more vulnerable to fire.
The tarantella touches you but does no damage.
You feel better.
The tarantella touches you but does no damage.
The tarantella touches you!
* * * LOW HITPOINT WARNING * * *
Unknown command.
You hit the tarantella but do no damage.
The tarantella is severely wounded.
You block the tarantella's attack.
You hit the tarantella.
The tarantella is almost dead.
The tarantella touches you!
You die...

#.#..#####.##.......#
#.#..'...#)##.......#
#.#..'...')##.......#
#.#..########...<...#
#.#..'.).)[##.......#
#†#..#.)))[##.......#
#'###########.......#
#..#.#.##..##########
#.......#@# ###
##.#.#†##s# l..#
#.......#l#....#
##.#.#.##Z'Zs..+
#.......#)#....#
##.#.#..'.#....#
########## ####


You could see a tarantella, a ball python simulacrum and a frilled lizard.

Vanquished Creatures
  A two-headed ogre (D)
  A floating eye (D)
  A scorpion (D)
  An orc priest (D)
  An orc wizard (D)
  An adder (D)
  A white imp (D)
  3 orcs (D)
  A bat skeleton (D)
  A giant cockroach (D)
  2 hobgoblins (D)
  2 jackals (D)
  2 bats (D)
  2 frilled lizards (D)
  A kobold (D)
  A rat (D)
22 creatures vanquished.

Notes
Turn   | Place    | Note
-------+----------+-------------------------------------------
     0 | D        | rocky1 the Djinni Fighter began the quest for the Orb.
     0 | D        | Reached XP level 1. HP: 20/20 MP: 0/0
    18 | D        | Found a bloodstained altar of Trog.
    18 | D        | Found a viscous altar of Jiyva.
    18 | D        | Found a hazy altar of Hepliaklqana.
    18 | D        | Found an opulent altar of Gozag.
    19 | D        | Found a glowing golden altar of the Shining One.
    19 | D        | Found a glowing silver altar of Zin.
    19 | D        | Found a basalt altar of Yredelemnul.
    19 | D        | Found a shimmering altar of Xom.
    19 | D        | Found an ornate altar of the Wu Jian Council.
    19 | D        | Found a sacrificial altar of Ru.
    19 | D        | Found a stormy altar of Qazlal.
    19 | D        | Found an iron altar of Okawaru.
    19 | D        | Found a sparkling altar of Nemelex Xobeh.
    19 | D        | Found a burning altar of Makhleb.
    19 | D        | Found a blossoming altar of Fedhas.
    19 | D        | Found a white marble altar of Elyvilon.
    19 | D        | Found a shadowy altar of Dithmenos.
    19 | D        | Found a snail-covered altar of Cheibriados.
    22 | D        | Found a corrupted altar of Lugonu.
    23 | D        | Found a hide-covered altar of Uskayaw.
    23 | D        | Found a broken altar of Ashenzari.
    37 | D        | Became a worshipper of Warmaster Okawaru
    74 | D        | Noticed a scorpion
    80 | D        | Killed a scorpion
    80 | D        | Reached * piety under Okawaru
    81 | D        | Reached skill level 5 in Shields
    81 | D        | Reached XP level 2. HP: 20/25 MP: 0/0
    81 | D        | Reached XP level 3. HP: 25/30 MP: 0/0
    81 | D        | Learned a level 1 spell: Necrotize
    81 | D        | Reached XP level 4. HP: 29/35 MP: 0/0
   219 | D        | Noticed a floating eye
   225 | D        | Killed a floating eye
   226 | D        | Reached skill level 7 in Shields
   226 | D        | Reached XP level 5. HP: 40/40 MP: 0/0
   226 | D        | Learned a level 2 spell: Scorch
   347 | D        | Reached skill level 1 in Spellcasting
   493 | D        | Reached XP level 6. HP: 46/46 MP: 0/0
   507 | D        | Noticed a two-headed ogre
   512 | D        | Killed a two-headed ogre
   512 | D        | Reached ** piety under Okawaru
   513 | D        | Reached skill level 10 in Shields
   513 | D        | Reached skill level 5 in Spellcasting
   513 | D        | Reached XP level 7. HP: 23/50 MP: 0/0
   513 | D        | Learned a level 2 spell: Wereblood
   513 | D        | Reached XP level 8. HP: 26/56 MP: 0/0
  1141 | D        | Noticed a tarantella
  1155 | D        | HP: 2/56 [tarantella (4)]
  1159 | D        | Slain by a tarantella

Illustrated notes

Levels and vault maps discovered:
D:        pitsprint [storerooms_1, entrance_room_1, metal_vault_7, armoury_2,
          mini_pit_1, grid_room_1, main_hall_1, silver_pit, the_coven_3,
          the_vestibule_1, steel_vault_2, golden_pit, hallway_of_sentries,
          crystal_vault_1, iron_vault_2, final_vault]

Skill      XL: |  1  2  3  4  5  6 |
---------------+-------------------+-----
Long Blades    | 4 6 9 |  9.7
Shields        | 5 7 10 | 10.7
Invocations    | 4 |  4.0
Spellcasting   | 1 5 |  5.6
Fighting       | |  3.0
Armour         | |  3.0

Action                   |  1- 3 |  4- 6 |  7- 9 || total
-------------------------+-------+-------+-------++-------
Melee: Long sword        |     6 |    59 |    29 ||    94
 Cast: Scorch            |       |       |     2 ||     2
       Wereblood         |       |       |     1 ||     1
  Use: Potion            |     1 |     1 |     3 ||     5
Armor: Scale mail        |     2 |    33 |    10 ||    45
Dodge: Dodged            |     2 |    20 |     1 ||    23
Block: Buckler           |       |    22 |     7 ||    29

Table legend: (Time is in decaauts)
 A = Elapsed time spent in this place.
 B = Non-inter-level travel time spent in this place.
 C = Inter-level travel time spent in this place.
 D = Time resting spent in this place.
 E = Time spent auto-exploring this place.
 F = Levels seen in this place.
 G = Mean time per level.
                   A        B        C        D        E       F      G
               +--------+--------+--------+--------+--------+-----+--------+
         Total |   1186 |   1173 |     13 |    870 |      0 |   1 | 1186.0 |
       Dungeon |   1186 |   1173 |     13 |    870 |      0 |   1 | 1186.0 |
               +--------+--------+--------+--------+--------+-----+--------+

Top non-repeatable levels by time:
       D: 1186 daAuts
